AoeStats
← jordialg97

MegaRandom

510352854Analyzed
2v2 RM · 21h ago on Sep 30, 2026· 28m 32s· 4 players
Game mode
Random Map
Map size
Medium (4 player)
Population
200
Speed
Normal
Resources
Standard
Victory
Conquest
Starting age
Dark Age
Ending age
Imperial Age
RankedLock teamsTeams togetherTeam positionsShared explorationLock speedFull tech treeHidden civsTurbo modeCheats
Victory
Defeat
🇳🇱 Mongols · Netherlands
1295
+12
🇪🇸 Byzantines · Spain
1294
+12
🇦🇹 Vietnamese · Austria
1214
-12
🇦🇹 Malay · Austria
1195
-12
Mephisto
2:19 Loom
11:29 Feudal Age
16:27 Castle Age
14:59 Double-Bit Axe
15:12 Horse Collar
15:52 Stone Mining
15:53 Gold Mining
16:19 Padded Archer Armor
16:13 Fletching
19:10 Heavy Plow
19:39 Padded Archer Armor
23:31 Crossbowman
25:10 Bodkin Arrow
26:15 Town Watch
28:20 Wheelbarrow
29:09 Ballistics
Enkidu
1:23 Loom
11:26 Feudal Age
11:23 Horse Collar
11:32 Double-Bit Axe
15:49 Castle Age
16:17 Wheelbarrow
17:21 Husbandry
18:34 Heavy Plow
18:46 Bow Saw
20:41 Squires
21:41 Pikeman
23:58 Arson
cueromagico2
2:33 Loom
13:16 Feudal Age
14:40 Double-Bit Axe
14:38 Horse Collar
17:00 Castle Age
15:56 Stone Mining
16:00 Gold Mining
16:51 Wheelbarrow
16:51 Scale Barding Armor
16:57 Forging
17:52 Husbandry
18:29 Chain Barding Armor
19:05 Iron Casting
28:37 Fletching
jordialg97
1:16 Loom
10:52 Feudal Age
12:27 Wheelbarrow
11:39 Double-Bit Axe
15:46 Bloodlines
15:50 Forging
18:21 Castle Age
16:57 Scale Barding Armor
Connection lost

Rejoining the realm…

Still unreachable

The connection could not be restored.

Session expired

The server has moved on; the page needs a fresh start.